 Dungeon Crawl Stone Soup version 0.29.0-11-gd7f09526c8 (webtiles) character file.

Game seed: 10723231947293508184

303 sanka the Chopper (level 6, 0/52 HPs)
             Began as a Ghoul Monk on Sept 4, 2022.
             Slain by a lemure (5 damage)
             ... led by Pikel
             ... on level 3 of the Dungeon.
             The game lasted 00:04:16 (4208 turns).

sanka the Chopper (Ghoul Monk)                      Turns: 4208, Time: 00:04:16

Health: 0/52       AC:  5    Str: 17    XL:     6   Next: 38%
Magic:  5/5        EV: 15    Int:  5    God:
Gold:   197        SH:  0    Dex: 11    Spells: 5/5 levels left

rFire   . . .      SeeInvis .   a - +0 hand axe
rCold   + . .      Faith    .   (no shield)
rNeg    + + +      Spirit   .   j - +0 ring mail
rPois   ∞          Reflect  .   (no helmet)
rElec   .          Harm     .   (no cloak)
rCorr   .          Rampage  .   (no gloves)
Will    .....                   (no boots)
Stlth   +.........              (no amulet)
HPRegen 0.00/turn               (no ring)
MPRegen 0.09/turn               p - +4 ring of evasion

@: inhibited regen
A: claws 1, cold resistance 1, negative energy resistance 3, inhibited
regeneration, torment resistance 2, devour on kill
a: no special abilities


You were on level 3 of the Dungeon.
You visited 1 branch of the dungeon, and saw 4 of its levels.

You collected 197 gold pieces.


Innate Abilities, Weirdness & Mutations

You are immune to poison.
You have sharp fingernails.
Your flesh is cold resistant. (rC+)
You are immune to negative energy. (rN+++)
You do not regenerate when monsters are visible.
You are immune to unholy pain and torment.
You thrive by killing the living.


   Skills:
 - Level 4.0 Fighting
 + Level 6.0 Axes
 - Level 2.6 Dodging
 - Level 2.1 Stealth


You had 5 spell levels left.
You didn't know any spells.
Your spell library was empty.

Inventory:

Hand Weapons
 a - a +0 hand axe (weapon)
Armour
 j - a +0 ring mail (worn)
Jewellery
 p - a +4 ring of evasion (right claw)
Wands
 l - a wand of digging (3)
Scrolls
 b - 2 scrolls of teleportation {@r4}
 d - a scroll of identify {@r1}
 h - a scroll of magic mapping
 i - 4 scrolls of immolation {!r}
 m - a scroll of acquirement
Potions
 e - 2 potions of curing {@q1}
 f - 2 potions of flight
 g - 2 potions of brilliance
 k - a potion of attraction {unknown}

Dungeon Overview and Level Annotations

Branches:
Dungeon (4/15)
 Temple: D:4-7

Altars:

Annotations:
D:2 1 runed translucent door, Crazy Yiuf
D:4 Pikel

▒............................▒
▒.................▒▒▒▒.▒.....▒
▒.............<...▒▒ ▒.▒▒▒▒▒'▒
▒..................▒▒▒.▒......
▒....▒▒▒▒▒▒▒........▒▒'▒......
▒....▒ ▒....................
▒....▒ ▒....................
▒....▒▒▒▒▒..5.▒▒▒.............
▒▒▒▒▒........n................
▒▒▒▒▒.........▒▒▒.............
▒...............▒.............
▒...............▒...▒..▒......
▒...............▒.............
▒...........▒.▒▒▒.......▒▒....
▒...........▒.▒▒▒.......▒▒....
▒▒▒▒▒▒▒.................▒▒....
▒▒▒'▒▒▒.▒▒▒.▒.......▒.....


You could see a lemure.


Message History

You slash the lemure!
The lemure is heavily wounded.
The lemure closely misses you.
You hit the lemure.
The lemure is heavily wounded.
The lemure hits you.
* * * LOW HITPOINT WARNING * * *
You closely miss the lemure.
The lemure is heavily wounded.
The lemure hits you!
* * * LOW HITPOINT WARNING * * *
You closely miss the lemure.
The lemure is heavily wounded.
The lemure misses you.
You hit the lemure.
The lemure is severely wounded.
The lemure misses you.
You hit the lemure but do no damage.
The lemure is severely wounded.
The lemure hits you but does no damage.
You hit the lemure.
The lemure is almost dead.
The lemure hits you but does no damage.
You hit the lemure but do no damage.
The lemure is almost dead.
The lemure closely misses you.
You closely miss the lemure.
The lemure is almost dead.
The lemure hits you.
You die...

Action                   |  1- 3 |  4- 6 || total
-------------------------+-------+-------++-------
Melee: Hand axe          |   102 |   217 ||   319
       Punch             |       |     3 ||     3
  Use: Potion            |       |     6 ||     6
       Scroll            |       |     4 ||     4
 Stab: Sleeping          |     5 |     1 ||     6
Armor: Robe              |    27 |       ||    27
       Ring mail         |     7 |   113 ||   120
Dodge: Dodged            |    85 |   225 ||   310

Levels and vault maps discovered:
D:1:      sevenhm_arrival_forest_fort_large_4, layout_basic,
          basic_ecumenical_altar, serial_curves, eino_curves_04, eino_curves_03
D:2:      layout_basic, uniq_crazy_yiuf_cottage
D:3:      layout_basic, chequers_serial_rivers_small_3
D:4:      corexii_shack_village, layout_loops_corners,
          minmay_temple_entry_glassed_door, serial_shops, kennysheep_mini_moat,
          uniq_menkaure, uniq_pikel, uniq_eustachio

Notes
Turn   | Place    | Note
-------+----------+-------------------------------------------
     0 | D:1      | sanka the Ghoul Monk began the quest for the Orb.
     0 | D:1      | Reached XP level 1. HP: 19/19 MP: 0/0
   223 | D:1      | Found a faded altar of an unknown god.
   474 | D:1      | Reached XP level 2. HP: 14/26 MP: 1/1
   476 | D:1      | Reached skill level 3 in Axes
  1305 | D:2      | Reached skill level 4 in Fighting
  1305 | D:2      | Reached XP level 3. HP: 33/33 MP: 2/2
  1768 | D:2      | Reached XP level 4. HP: 40/40 MP: 3/3
  1909 | D:2      | Reached skill level 4 in Axes
  2340 | D:2      | Found a runed translucent door.
  2341 | D:2      | Noticed Crazy Yiuf
  2902 | D:3      | Reached XP level 5. HP: 19/46 MP: 4/4
  3518 | D:4      | Reached skill level 5 in Axes
  3719 | D:4      | Noticed Eustachio
  3757 | D:4      | HP: 4/46 [Eustachio/+1 rapier of venom (2)]
  3818 | D:4      | HP: 4/46 [Eustachio/+1 rapier of venom (3)]
  3820 | D:4      | Killed Eustachio
  3821 | D:4      | Reached skill level 6 in Axes
  3821 | D:4      | Reached XP level 6. HP: 11/52 MP: 5/5
  4064 | D:4      | Identified a scroll of acquirement
  4138 | D:4      | Noticed Pikel
  4202 | D:3      | HP: 5/52 [lemure[Pikel] (7)]
  4208 | D:3      | Slain by a lemure

Vanquished Creatures
  Eustachio (D:4)
  A lemure (D:3)
  A jelly (D:4)
  An orc priest (D:3)
  4 adders
  A shadow imp (D:3)
  An ufetubus (D:3)
  4 orcs
  4 ball pythons
  4 endoplasms
  A giant cockroach (D:2)
  6 goblins
  3 hobgoblins
  14 jackals
  4 kobolds
  5 quokkas
  5 bats
  3 frilled lizards
  5 rats
68 creatures vanquished.

Vanquished Creatures (others)
  4 plants (D:4)
4 creatures vanquished.

Grand Total: 72 creatures vanquished
